Selects Australian Defense Battlegroup
Selects Australian Light Infantry Section
Australian Light Infantry Section
Construct Section Command Post
Australian Light Infantry Section
Construct Platoon Command Post
Unlock Bishop Self-propelled Artillery
Construct Field Infirmary
Selects Defensive Tactics
6-pounder Anti-tank Gun Team
Australian Light Infantry Section
Australian Light Infantry Section
Construct Company Command Post
Selects Vehicle Over Repair
Selects CMP 15cwt Supply Run